 Dungeon Crawl Stone Soup version 0.26.0-10-g1f06aea511 (webtiles) character file.

Game seed: 16493226564733524327

574 dohliylev the Shield-Bearer (level 7, -3/41 HPs)
             Began as a Gargoyle Fighter on Jan 16, 2021.
             Was an Initiate of the Shining One.
             Slain by an iguana (4 damage)
             ... on level 4 of the Dungeon.
             The game lasted 00:09:26 (4185 turns).

dohliylev the Shield-Bearer (Gargoyle Fighter)      Turns: 4185, Time: 00:09:27

Health: -3/41      AC: 13    Str: 22    XL:     7   Next: 34%
Magic:  7/7        EV:  8    Int:  8    God:    the Shining One [......]
Gold:   226        SH: 10    Dex:  9    Spells: 6/6 levels left

rFire    . . .     SeeInvis .   a - +0 flail
rCold    . . .     Faith    .   c - +0 kite shield
rNeg     + . .     Spirit   .   b - +0 scale mail
rPois    ∞         Reflect  .   (no helmet)
rElec    +         Harm     .   j - +0 cloak
rCorr    .         Rampage  .   (no gloves)
Will     .....                  (no boots)
Stlth    ..........             (no amulet)
HPRegen  0.13/turn              (no ring)
MPRegen  0.10/turn              (no ring)

@: hasted, glowing, very quick
A: negative energy resistance 1, electricity resistance, unbreathing,
petrification resistance, miasma immunity, AC +4
a: Renounce Religion


You were on level 4 of the Dungeon.
You worshipped the Shining One.
The Shining One was noncommittal.
You visited 2 branches of the dungeon, and saw 5 of its levels.

You collected 226 gold pieces.

Inventory:

Hand Weapons
 a - a +0 flail (weapon)
Armour
 b - a +0 scale mail (worn)
 c - a +0 kite shield (worn)
 j - a +0 cloak (worn)
Wands
 n - a wand of disintegration (11)
 p - a wand of enslavement (5)
Scrolls
 i - 6 scrolls of identify
 m - a scroll of teleportation
 o - a scroll of random uselessness {unknown}
Potions
 d - a potion of might
 e - a potion of haste
 f - a potion of lignification
 g - a potion of flight
 h - a potion of curing
 k - 3 potions of degeneration
 l - a potion of mutation {unknown}


   Skills:
 - Level 3.2 Fighting
 + Level 5.3 Maces & Flails
 + Level 4.9 Armour
 + Level 1.8 Dodging
 + Level 5.3 Shields


You had 6 spell levels left.
You didn't know any spells.
Your spell library was empty.

Dungeon Overview and Level Annotations

Branches:
Dungeon (4/15)             Temple (1/1) D:4

Altars:
Ashenzari
Cheibriados
Dithmenos
Elyvilon
Fedhas
Gozag
Hepliaklqana
Kikubaaqudgha
Nemelex Xobeh
Okawaru
Qazlal
Ru
Sif Muna
Trog
Uskayaw
Vehumet
Wu Jian
Xom
Yredelemnul
Zin
The Shining One


Innate Abilities, Weirdness & Mutations

You are resistant to torment.
Your stone body is resilient. (AC +4)
You are immune to poison.
You resist negative energy. (rN+)
You are resistant to electric shocks. (rElec)
You can survive without breathing.
You are immune to petrification.
You are immune to miasma.


Message History

The hound is severely wounded.
The hound barely misses you. The hound bites you but does no damage.
You sock the hound!
You kill the hound!
The phantom blinks!
The gnoll hits you with a +0 flail.
* * * LOW HITPOINT WARNING * * *
You closely miss the gnoll.
The gnoll shaman calls upon its god to speed up the gnoll.
The gnoll seems to speed up.
You block the gnoll's attack.
You hit the gnoll.
The gnoll is moderately wounded.
You block the gnoll's attack. The gnoll hits you with a +0 flail.
* * * LOW HITPOINT WARNING * * *
You feel better. The gnoll hits you but does no damage.
You sock the gnoll!
You kill the gnoll!
The iguana bites you!
* * * LOW HITPOINT WARNING * * *
You feel yourself speed up. The iguana bites you.
You die...

#.........# #.####..## ..
#..#.#.#..# .......... ...
#..#....W.# #.####..#.
...###......g.g# #.# #####
# #.......#.###g## #.# #
#.#.......g...#g# #.# ###
..............#g# #.###
### #............#l#
#...#####⌠
#....###g....#@##
#.#.....'.
#.$..###.g...#.#.###
#.#######⌠
#[...........#.#...###.###
###
#######..................#
### #.##.##.##...###...# #
#.##.##.##...'.....######
#
#.##.##.##...###.####...#
....###.##.##.##...# #.#
#...# ....g..gW(.........#
#.# #....


You could see a phantom, a gnoll shaman, an iguana and 4 gnolls.

Vanquished Creatures
  2 ogres (D:4)
  A scorpion (D:4)
  A hound (D:4)
  An orc priest (D:4)
  Crazy Yiuf (D:2)
  2 orc wizards
  3 worker ants (D:4)
  A gnoll (D:4)
  5 adders (D:2)
  2 worms
  2 leopard geckos (D:1)
  19 orcs
  3 giant cockroaches
  2 goblins
  7 hobgoblins
  5 jackals
  3 ball pythons
  6 bats
  6 frilled lizards
  7 kobolds
  8 rats
87 creatures vanquished.

Notes
Turn   | Place    | Note
-------+----------+-------------------------------------------
     0 | D:1      | dohliylev the Gargoyle Fighter began the quest for the Orb.
     0 | D:1      | Reached XP level 1. HP: 14/14 MP: 1/1
   312 | D:1      | Reached XP level 2. HP: 19/19 MP: 2/2
   972 | D:2      | Reached XP level 3. HP: 23/23 MP: 3/3
  1122 | D:2      | Found a runed translucent door.
  1123 | D:2      | Noticed Crazy Yiuf
  1185 | D:2      | Reached XP level 4. HP: 28/28 MP: 4/4
  1843 | D:2      | Killed Crazy Yiuf
  1844 | D:2      | Reached skill level 1 in Dodging
  1844 | D:2      | Reached XP level 5. HP: 23/32 MP: 5/5
  2042 | D:3      | HP: 1/32 [something (2)]
  3068 | D:4      | Reached XP level 6. HP: 36/37 MP: 6/6
  3130 | D:4      | Reached skill level 5 in Shields
  3624 | D:4      | Found a staircase to the Ecumenical Temple.
  3647 | Temple   | Entered the Ecumenical Temple
  3747 | Temple   | Became a worshipper of the Shining One
  3837 | D:4      | Reached skill level 5 in Maces & Flails
  3837 | D:4      | Reached XP level 7. HP: 41/41 MP: 7/7
  4183 | D:4      | HP: 1/41 [iguana (9)]
  4185 | D:4      | Slain by an iguana

Illustrated notes

Levels and vault maps discovered:
D:1:      minmay_arrival_glassed_features, layout_basic, serial_corexii_hall,
          corexii_hall_statues_u, corexii_hall_statues_x
D:2:      layout_loops_ring, uniq_crazy_yiuf_cottage
D:3:      layout_rooms, st_stairs_1, kennysheep_donut
D:4:      layout_basic, temple_doors_e
Temple:   kilobyte_greek_temple

Skill      XL: |  1  2  3  4  5  6 |
---------------+-------------------+-----
Armour         | 4 |  4.9
Shields        | 4 5 |  5.3
Maces & Flails | 3 5 |  5.3
Dodging        | 1 |  1.8
Fighting       | |  3.2

Action                   |  1- 3 |  4- 6 |  7- 9 || total
-------------------------+-------+-------+-------++-------
Melee: Flail             |   130 |   269 |    34 ||   433
  Use: Potion            |       |     4 |     2 ||     6
       Scroll            |       |     3 |       ||     3
Armor: Scale mail        |    84 |   152 |    16 ||   252
       Skin              |       |    22 |       ||    22
Dodge: Dodged            |    45 |   100 |    11 ||   156
Block: Kite shield       |    86 |   157 |    21 ||   264
